MWL (24 & UNDER)
CINCINNATI PRIDE @ LEE'S SUMMIT TIGERS
06/14/2027
 
TOP OF THE 1ST
Cincinnati Pride batting - Pitching for Lee's Summit Tigers : RHP Josse Teves
Pitching: RHP Josse Teves
Batting: SHB Jaime Martínez 0-0: Ground out U3 (Groundball, 34)
Batting: RHB Jorge Silva 0-0: Ball
1-0: Fly out, F6 (Popup, 6)
Batting: LHB John Clark 0-0: SINGLE (Groundball, 6MD)
Batting: RHB Roger Rush 0-0: Called Strike
0-1: Ball
1-1: Foul Ball, location: 2F
1-2: Ball
2-2: Strikes out looking
Top of the 1st over - 0 run(s), 1 hit(s), 0 error(s), 1 left on base; Cincinnati 0 - Lee's Summit 0
BOTTOM OF THE 1ST
Lee's Summit Tigers batting - Pitching for Cincinnati Pride : LHP Josh Wall
Pitching: LHP Josh Wall
Batting: LHB Darren Holland 0-0: Called Strike
0-1: Swinging Strike
0-2: Foul Ball, location: 2F
0-2: Ball
1-2: Foul Ball, location: 2F
1-2: Ball
2-2: Foul Ball, location: 2F
2-2: Strikes out swinging
Batting: RHB Jesús Ramos 0-0: Ball
1-0: Ball
2-0: Bunted foul
2-1: Swinging Strike
2-2: Foul Ball, location: 2F
2-2: Strikes out swinging
Batting: RHB Rusty Bennett 0-0: Ball
1-0: Called Strike
1-1: Foul Ball, location: 2F
1-2: Foul Ball, location: 2F
1-2: Strikes out swinging
Bottom of the 1st over - 0 run(s), 0 hit(s), 0 error(s), 0 left on base; Cincinnati 0 - Lee's Summit 0
TOP OF THE 2ND
Cincinnati Pride batting - Pitching for Lee's Summit Tigers : RHP Josse Teves
Batting: RHB Keith Sheehan 0-0: Foul Ball, location: 2F
0-1: Ball
1-1: Foul Ball, location: 2F
1-2: SINGLE (Flyball, 4D)
Batting: RHB George Martin 0-0: Called Strike
0-1: Ball
1-1: Swinging Strike
1-2: Foul Ball, location: 2F
1-2: Strikes out swinging
Batting: RHB Roberto Quiñones 0-0: Grounds into double play, 4-6-3 (Groundball, 4D)
Top of the 2nd over - 0 run(s), 1 hit(s), 0 error(s), 0 left on base; Cincinnati 0 - Lee's Summit 0
BOTTOM OF THE 2ND
Lee's Summit Tigers batting - Pitching for Cincinnati Pride : LHP Josh Wall
Batting: SHB Juan Glaviz 0-0: Ball
1-0: Ball
2-0: Ball
3-0: Called Strike
3-1: Base on Balls
Batting: RHB Kyle Baylor 0-0: Swinging Strike
0-1: DOUBLE (Groundball, 5L)
Juan Glaviz to third
Batting: RHB Michael Hall 0-0: Called Strike
0-1: Fly out, F4 (Popup, 4D)
Batting: RHB Steven Wright 0-0: SINGLE (Line Drive, 6D)
Juan Glaviz scores
Kyle Baylor to third
Runner from 3rd tries for Home, SAFE, no throw
Batting: LHB Dudley Cooper 0-0: Ball
1-0: Ball
Wild Pitch!
Steven Wright to second
2-0: Ball
3-0: Base on Balls
Batting: LHB Dale Miller 0-0: Called Strike
0-1: Ball
1-1: Foul Ball, location: 2F
1-2: Ball
Wild Pitch!
Steven Wright to third
Dudley Cooper to second
2-2: Strikes out swinging
Batting: LHB Darren Holland 0-0: Swinging Strike
0-1: Foul Ball, location: 2F
0-2: Strikes out looking
Bottom of the 2nd over - 2 run(s), 2 hit(s), 0 error(s), 2 left on base; Cincinnati 0 - Lee's Summit 2
TOP OF THE 3RD
Cincinnati Pride batting - Pitching for Lee's Summit Tigers : RHP Josse Teves
Batting: RHB Gary Miller 0-0: Called Strike
0-1: Ball
1-1: Ball
2-1: Ground out 4-3 (Groundball, 4)
Batting: RHB Dave Crawford 0-0: Called Strike
0-1: Foul Ball, location: 2F
0-2: Strikes out swinging
Batting: SHB Jaime Martínez 0-0: Fly out, F3 (Line Drive, 3S)
Top of the 3rd over - 0 run(s), 0 hit(s), 0 error(s), 0 left on base; Cincinnati 0 - Lee's Summit 2
BOTTOM OF THE 3RD
Lee's Summit Tigers batting - Pitching for Cincinnati Pride : LHP Josh Wall
Batting: RHB Jesús Ramos 0-0: Ball
1-0: Foul Ball, location: 2F
1-1: Ball
2-1: Called Strike
2-2: Strikes out swinging
Batting: RHB Rusty Bennett 0-0: SINGLE (Line Drive, 56)
Batting: SHB Juan Glaviz 0-0: Called Strike
0-1: Ball
1-1: Ball
Wild Pitch!
Rusty Bennett to second
2-1: SINGLE (Line Drive, 6MD)
Rusty Bennett to third
Runner from 3rd tries for Home, SAFE, no throw
Batting: RHB Kyle Baylor 0-0: Called Strike
0-1: Ball
1-1: Foul Ball, location: 2F
1-2: Strikes out swinging
Batting: RHB Michael Hall 0-0: Called Strike
0-1: Foul Ball, location: 2F
0-2: Foul Ball, location: 2F
0-2: Foul Ball, location: 2F
0-2: Ball
Juan Glaviz steals 2nd base
1-2: Ground out 4-3 (Groundball, 4)
Bottom of the 3rd over - 1 run(s), 2 hit(s), 0 error(s), 1 left on base; Cincinnati 0 - Lee's Summit 3
TOP OF THE 4TH
Cincinnati Pride batting - Pitching for Lee's Summit Tigers : RHP Josse Teves
Batting: RHB Jorge Silva 0-0: Called Strike
0-1: Ball
1-1: Ball
2-1: Foul Ball, location: 2F
2-2: Strikes out swinging
Batting: LHB John Clark 0-0: Called Strike
0-1: Called Strike
0-2: Ball
1-2: Hit by Pitch
Batting: RHB Roger Rush 0-0: 2-RUN HOME RUN (Flyball, 7LD), Distance : 337 ft
Batting: RHB Keith Sheehan 0-0: Called Strike
0-1: Ball
1-1: Foul Ball, location: 2F
1-2: Strikes out swinging
Batting: RHB George Martin 0-0: Foul Ball, location: 2F
0-1: Swinging Strike
0-2: SINGLE (Groundball, 34D)
Batting: RHB Roberto Quiñones 0-0: Foul Ball, location: 2F
0-1: Ball
1-1: Called Strike
1-2: Fly out, F9 (Flyball, 9S)
Top of the 4th over - 2 run(s), 2 hit(s), 0 error(s), 1 left on base; Cincinnati 2 - Lee's Summit 3
BOTTOM OF THE 4TH
Lee's Summit Tigers batting - Pitching for Cincinnati Pride : LHP Josh Wall
Batting: RHB Steven Wright 0-0: Ball
1-0: Called Strike
1-1: Swinging Strike
1-2: SINGLE (Groundball, 56) (infield hit)
Batting: LHB Dudley Cooper 0-0: Ball
1-0: Foul Ball, location: 2F
1-1: Ball
2-1: Called Strike
2-2: Strikes out swinging
Batting: LHB Dale Miller 0-0: Called Strike
0-1: Swinging Strike
0-2: Strikes out looking
Pitching: LHP Jon Bridges
Batting: LHB Darren Holland 0-0: Foul Ball, location: 2F
0-1: Called Strike
0-2: Ball
1-2: Ground out 4-3 (Groundball, 4M)
Bottom of the 4th over - 0 run(s), 1 hit(s), 0 error(s), 1 left on base; Cincinnati 2 - Lee's Summit 3
TOP OF THE 5TH
Cincinnati Pride batting - Pitching for Lee's Summit Tigers : RHP Josse Teves
Batting: RHB Gary Miller 0-0: Bunt for hit - play at first, batter OUT! 1-3
Batting: RHB Dave Crawford 0-0: Ball
1-0: SINGLE (Line Drive, 78S)
Batting: SHB Jaime Martínez 0-0: Called Strike
0-1: Foul Ball, location: 2F
0-2: Ball
1-2: Strikes out swinging
Batting: RHB Jorge Silva 0-0: Ball
1-0: Foul Ball, location: 2F
1-1: Hit by Pitch
Dave Crawford to second
Batting: LHB John Clark 0-0: Swinging Strike
0-1: Fly out, F8 (Flyball, 8LS)
Top of the 5th over - 0 run(s), 1 hit(s), 0 error(s), 2 left on base; Cincinnati 2 - Lee's Summit 3
BOTTOM OF THE 5TH
Lee's Summit Tigers batting - Pitching for Cincinnati Pride : LHP Jon Bridges
Batting: RHB Jesús Ramos 0-0: Foul Ball, location: 2F
0-1: Ball
1-1: Foul Ball, location: 2F
1-2: Ball
2-2: Ball
3-2: Ground out 5-3 (Groundball, 56)
Batting: RHB Rusty Bennett 0-0: Ball
1-0: Ball
2-0: Ground out 4-3 (Groundball, 4)
Batting: SHB Juan Glaviz 0-0: Ball
1-0: Called Strike
1-1: Foul Ball, location: 2F
1-2: Strikes out looking
Bottom of the 5th over - 0 run(s), 0 hit(s), 0 error(s), 0 left on base; Cincinnati 2 - Lee's Summit 3
TOP OF THE 6TH
Cincinnati Pride batting - Pitching for Lee's Summit Tigers : RHP Josse Teves
Batting: RHB Roger Rush 0-0: Foul Ball, location: 2F
0-1: Ball
1-1: Ball
2-1: Foul Ball, location: 2F
2-2: SINGLE (Groundball, 34D)
Batting: RHB Keith Sheehan 0-0: Ball
1-0: Foul Ball, location: 2F
1-1: Ball
2-1: Ball
3-1: Base on Balls
Roger Rush to second
Pitching: LHP Dave McCoy
Batting: RHB George Martin 0-0: Ground out 5-3 (Groundball, 56D)
Roger Rush to third
Keith Sheehan to second
Batting: RHB Roberto Quiñones 0-0: Ball
1-0: Ball
2-0: Called Strike
2-1: Ball
3-1: Foul Ball, location: 2F
3-2: Foul Ball, location: 2F
3-2: Base on Balls
Batting: RHB Gary Miller 0-0: Ball
1-0: Swinging Strike
1-1: Foul Ball, location: 2F
1-2: Strikes out looking
Batting: RHB Dave Crawford 0-0: Foul Ball, location: 2F
0-1: Fielders Choice at 2nd, 5-4 (Groundball, 5L)
Top of the 6th over - 0 run(s), 1 hit(s), 0 error(s), 2 left on base; Cincinnati 2 - Lee's Summit 3
BOTTOM OF THE 6TH
Lee's Summit Tigers batting - Pitching for Cincinnati Pride : LHP Jon Bridges
Batting: RHB Kyle Baylor 0-0: Ground out 6-3 (Groundball, 6M)
Batting: RHB Michael Hall 0-0: Swinging Strike
0-1: Fly out, F8 (Flyball, 8RS)
Batting: RHB Steven Wright 0-0: Ball
1-0: Foul Ball, location: 2F
1-1: Called Strike
1-2: SINGLE (Line Drive, 7S)
Batting: LHB Dudley Cooper 0-0: Ball
1-0: Ball
2-0: Ball
3-0: Base on Balls
Steven Wright to second
Batting: LHB Dale Miller 0-0: Foul Ball, location: 2F
0-1: Swinging Strike
0-2: Ball
1-2: Ball
2-2: Ball
3-2: Base on Balls
Steven Wright to third
Dudley Cooper to second
Batting: LHB Darren Holland 0-0: Foul Ball, location: 2F
0-1: Ball
1-1: Ball
2-1: TRIPLE (Flyball, 8LD)
Steven Wright scores
Dudley Cooper scores
Dale Miller scores
Pitching: RHP José Bruschy
Batting: RHB Jesús Ramos 0-0: Called Strike
0-1: Ball
1-1: Ball
2-1: Called Strike
2-2: Ball
3-2: Base on Balls
Batting: RHB Rusty Bennett 0-0: Ball
1-0: Called Strike
1-1: Ball
2-1: Swinging Strike
2-2: Ground out 5-3 (Groundball, 56)
Bottom of the 6th over - 3 run(s), 2 hit(s), 0 error(s), 2 left on base; Cincinnati 2 - Lee's Summit 6
TOP OF THE 7TH
Cincinnati Pride batting - Pitching for Lee's Summit Tigers : LHP Dave McCoy
Batting: SHB Jaime Martínez 0-0: Called Strike
0-1: Ball
1-1: Ball
2-1: Foul Ball, location: 2F
2-2: Strikes out swinging
Batting: RHB Jorge Silva 0-0: DOUBLE (Line Drive, 89XD)
Batting: LHB John Clark 0-0: Foul Ball, location: 2F
0-1: Fly out, F9 (Line Drive, 9D)
Runner from 2nd tags up, SAFE at 3rd, no throw
Batting: RHB Roger Rush 0-0: Ball
1-0: Fly out, F8 (Flyball, 8LD)
Top of the 7th over - 0 run(s), 1 hit(s), 0 error(s), 1 left on base; Cincinnati 2 - Lee's Summit 6
BOTTOM OF THE 7TH
Lee's Summit Tigers batting - Pitching for Cincinnati Pride : RHP José Bruschy
Batting: SHB Juan Glaviz 0-0: Called Strike
0-1: Ground out U3 (Groundball, 3S)
Batting: RHB Kyle Baylor 0-0: Called Strike
0-1: Ball
1-1: Foul Ball, location: 2F
1-2: Strikes out swinging
Batting: RHB Michael Hall 0-0: Ball
1-0: Called Strike
1-1: Called Strike
1-2: Ground out 6-3 (Groundball, 6)
Bottom of the 7th over - 0 run(s), 0 hit(s), 0 error(s), 0 left on base; Cincinnati 2 - Lee's Summit 6
TOP OF THE 8TH
Cincinnati Pride batting - Pitching for Lee's Summit Tigers : LHP Dave McCoy
Batting: RHB Keith Sheehan 0-0: Called Strike
0-1: Foul Ball, location: 2F
0-2: Ball
1-2: Ball
2-2: Foul Ball, location: 2F
2-2: Strikes out swinging
Batting: RHB George Martin 0-0: Ball
1-0: Ground out 5-3 (Groundball, 56)
Batting: RHB Roberto Quiñones 0-0: Ground out 4-3 (Groundball, 4)
Top of the 8th over - 0 run(s), 0 hit(s), 0 error(s), 0 left on base; Cincinnati 2 - Lee's Summit 6
BOTTOM OF THE 8TH
Lee's Summit Tigers batting - Pitching for Cincinnati Pride : RHP José Bruschy
Batting: RHB Steven Wright 0-0: Foul Ball, location: 2F
0-1: SINGLE (Groundball, 6MD)
Batting: LHB Dudley Cooper 0-0: SINGLE (Groundball, 4M) (infield hit)
Steven Wright to second
Batting: LHB Dale Miller 0-0: Called Strike
0-1: Swinging Strike
0-2: Ball
1-2: Strikes out looking
Batting: LHB Darren Holland 0-0: Ball
1-0: Ball
2-0: Swinging Strike
2-1: Called Strike
2-2: Strikes out swinging
Batting: RHB Jesús Ramos 0-0: Called Strike
0-1: Fly out, F7 (Flyball, 78D)
Bottom of the 8th over - 0 run(s), 2 hit(s), 0 error(s), 2 left on base; Cincinnati 2 - Lee's Summit 6
TOP OF THE 9TH
Cincinnati Pride batting - Pitching for Lee's Summit Tigers : LHP Dave McCoy
Batting: RHB Gary Miller 0-0: Called Strike
0-1: Ground out 1-3 (Groundball, 15S)
Batting: RHB Dave Crawford 0-0: Ground out 5-3 (Groundball, 56S)
Batting: SHB Jaime Martínez 0-0: Ball
1-0: Fly out, F9 (Flyball, 89M)
Top of the 9th over - 0 run(s), 0 hit(s), 0 error(s), 0 left on base; Cincinnati 2 - Lee's Summit 6
Thursday, March 30th, 2017 - OOTP Baseball 17.12 Build 75